 Dungeon Crawl Stone Soup version 0.31-a0-1439-g542172135e (webtiles) character file.

Game seed: 14695646812436271282

4008 Amplified the Trooper (level 10, -8/80 HPs)
             Began as a Demonspawn Monk on Dec 27, 2023.
             Was a Believer of Qazlal.
             Shot with an arrow by a centaur warrior (22 damage)
             ... on level 8 of the Dungeon.
             The game lasted 00:07:40 (5794 turns).

Amplified the Trooper (Demonspawn Monk)             Turns: 5794, Time: 00:07:41

Health: -8/80      AC:  9    Str: 21    XL:     10   Next: 3%
Magic:  11/11      EV: 12    Int: 17    God:    Qazlal [**....]
Gold:   340        SH:  8    Dex: 23    Spells: 9/9 levels left

rFire   + . .        s - +5 Force Lance {heavy, knockback}
rCold   . . .        d - orb {light}
rNeg    . . .        k - +0 scale mail
rPois   .            (no helmet)
rElec   .            t - scarf {rC+ rF+}
rCorr   .            (no gloves)
SInv    .            (boots unavailable)
Will    .....        I - amulet of reflection Stlth
                     g - ring of wizardry
HPRegen 0.33/turn    L - ring "Lufede" {rC- Str+6 Int+5 Dex+8}
MPRegen 0.12/turn

%: reflection, wizardry (x1)
@: mighty, glowing
A: hooves 3, icy blue scales 1, foul stench 1, powered by pain 1
a: Renounce Religion, Upheaval


You were on level 8 of the Dungeon.
You worshipped Qazlal.
Qazlal was pleased with you.
You visited 2 branches of the dungeon, and saw 9 of its levels.

You collected 340 gold pieces.

Inventory:

Hand Weapons
 a - a +0 hand axe
 n - a +0 trident
 r - a +0 dagger of electrocution
 s - the +5 Force Lance (weapon) {heavy, knockback}
   (You found it on level 4 of the Dungeon)
Missiles
 j - 10 poisoned darts
Armour
 b - a +0 robe
 d - an orb of light (worn)
 k - a +0 scale mail (worn)
 o - a +0 buckler
 t - a scarf of resistance (worn)
Jewellery
 g - a ring of wizardry (left hand)
 I - an amulet of reflection (around neck)
 J - a +6 ring of intelligence
 L - the ring "Lufede" (right hand) {rC- Str+6 Int+5 Dex+8}
   (You found it on level 7 of the Dungeon)

   [ring of strength]

   Str+6:     It affects your strength (+6).
   Int+5:     It affects your intelligence (+5).
   Dex+8:     It affects your dexterity (+8).
   rC-:       It makes you vulnerable to cold.
 N - a ring of positive energy
Wands
 p - a wand of mindburst (22)
 u - a wand of polymorph (21)
 G - a wand of flame (24)
 K - a wand of charming (19)
Scrolls
 e - a scroll of revelation {unknown}
 f - a scroll of amnesia
 h - 3 scrolls of teleportation
 i - 3 scrolls of noise
 m - a scroll of fog
 v - a scroll of poison {unknown}
 x - a scroll of identify {unknown}
 y - a scroll of brand weapon {unknown}
 D - a scroll of immolation
 E - 2 scrolls of blinking {unknown}
 M - a scroll of enchant armour {unknown}
Potions
 c - 2 potions of ambrosia
 q - a potion of curing
 w - 2 potions of brilliance {unknown}
 z - a potion of mutation {unknown}
 A - a potion of berserk rage {unknown}
 C - a potion of lignification {unknown}
 F - a potion of haste {unknown}
 H - a potion of cancellation {unknown}


   Skills:
 * Level 7.9 Fighting
 - Level 3.3(5.2) Axes
 * Level 6.2(6.6) Polearms
 * Level 6.3 Armour
 - Level 2.9 Dodging
 * Level 6.2 Shields
 * Level 1.8 Invocations


You had 9 spell levels left.
You didn't know any spells.
Your spell library contained the following spells:

 Spells                   Type           Power      Damage    Failure   Level
 Magic Dart               Conj           0%         1d3       24%         1
 Blink                    Tloc           0%         N/A       32%         2
 Call Imp                 Summ           0%         N/A       32%         2
 Inner Flame              Hex/Fire       0%         N/A       54%         3
 Flame Wave               Conj/Fire      0%         2d4       90%         4
 Sticky Flame             Fire/Alch      0%         2d4       90%         4


Dungeon Overview and Level Annotations

Branches:
Dungeon (8/15)             Temple (1/1) D:7
   Lair: D:8-11

Altars:
Ashenzari
Dithmenos
Fedhas
Gozag
Hepliaklqana
Kikubaaqudgha
Makhleb
Okawaru
Qazlal
Sif Muna
Trog
Uskayaw
Vehumet
Xom
Yredelemnul

Shops:
D:2 *   D:7 :

Annotations:
D:2 Sigmund


Innate Abilities, Weirdness & Mutations

You have hooves in place of feet.
You are partially covered in icy blue scales. (AC +2)
You may rarely emit foul miasma when damaged in melee.
You sometimes gain a little power by taking damage.


Message History

The red ugly thing gurgles horribly!
The centaur wields a +0 shortbow.
The centaur shoots an arrow.
The arrow hits you!
A centaur warrior comes into view.
The centaur shoots an arrow.
The arrow closely misses you.
The centaur warrior shouts!
The centaur shoots an arrow.
The arrow closely misses you.
The centaur shoots an arrow.
The arrow hits you!
The centaur warrior wields a +0 shortbow.
The centaur warrior shoots an arrow.
The arrow hits you!
You focus on the pain.
You feel very mighty all of a sudden.
The centaur warrior shoots an arrow.
The arrow closely misses you.
The centaur warrior shoots an arrow.
The arrow hits you.
The centaur warrior shoots an arrow.
The arrow hits you!
You feel mightier all of a sudden.
The centaur warrior shoots an arrow.
The arrow barely misses you.
You reach to attack!
You impale the centaur warrior!!
The centaur warrior is heavily wounded.
The centaur warrior unwields a +0 shortbow.
The centaur warrior closely misses you. The centaur warrior kicks you.
The centaur shoots an arrow.
The arrow hits you.
You are too injured to fight recklessly!
You are too injured to fight recklessly!
Unknown command.
The centaur shoots an arrow.
The arrow closely misses you.
The centaur shoots an arrow.
The arrow hits you.
The centaur warrior wields a +0 shortbow.
The centaur warrior shoots an arrow.
The arrow hits you!
* * * LOW HITPOINT WARNING * * *
Unknown command.
Okay, then.
Unknown command.
As you read the scroll of fear, it crumbles to dust.
You assume a fearsome visage.
The centaur warrior easily resists.
The red ugly thing looks frightened!
The centaur shoots an arrow.
The arrow barely misses you.
Unknown command.
Unknown command.
The centaur warrior shoots an arrow.
The arrow hits you!!
You die...

### #..#######..###.#.#
#.# #..................
#.# #.................#
#.# #.u.######..###.#.#
##.####..c.u............#
#........c##≈#.#..###...#
##.####....~~≈............
#.####....#≈≈.#..###.....
#.......@...~~..........#
#.####....##~~#..###..#..
#.# #..<....~........#..
#.# #....##.~#..###..#.#
##.####....##≈~#..# #..#.#
#..........#..≈~..###..#.#
##.............≈..........
#######.#.####~..###..#.#
#.#.######.###..#.#


You could see a red ugly thing (fleeing), a centaur warrior and a centaur.

Vanquished Creatures
  Maggie (D:6)
  Jeremiah (D:6)
  Prince Ribbit (D:6)
  Grinder (D:6)
  A wyvern (D:7)
  A steam dragon (D:7)
  Menkaure (D:7)
  An orc warrior (D:7)
  5 ice beasts
  2 sky beasts
  3 ogres
  2 phantoms
  A kobold brigand (D:4)
  A bullfrog (D:7)
  4 scorpions
  4 killer bees (D:7)
  3 howler monkeys (D:7)
  3 hounds (D:5)
  7 orc priests
  2 bombardier beetles (D:4)
  2 jellies (D:6)
  2 iguanas
  Ijyb (D:3)
  7 orc wizards
  A sleepcap (D:6)
  3 gnolls (D:5)
  4 adders
  2 shadow imps (D:7)
  3 white imps
  3 worms (D:4)
  A dart slug (D:1)
  17 orcs
  7 endoplasms
  A giant cockroach (D:3)
  5 goblins
  7 hobgoblins
  9 jackals
  4 quokkas
  6 ball pythons
  5 bats
  3 frilled lizards
  5 kobolds
  7 rats
150 creatures vanquished.

Notes
Turn   | Place    | Note
-------+----------+-------------------------------------------
     0 | D:1      | Amplified the Demonspawn Monk began the quest for the Orb.
     0 | D:1      | Reached XP level 1. HP: 18/18 MP: 1/1
   197 | D:1      | Gained mutation: You are partially covered in icy blue
                  | scales. (AC +2) [demonic ancestry]
   197 | D:1      | Reached XP level 2. HP: 24/24 MP: 2/2
   481 | D:1      | Gained mutation: You have large cloven feet. [demonic
                  | ancestry]
   481 | D:1      | Reached XP level 3. HP: 29/29 MP: 3/3
   953 | D:2      | Found Citag's General Store.
   989 | D:2      | Noticed Sigmund
  1185 | D:3      | Noticed Ijyb
  1196 | D:3      | Reached skill level 1 in Armour
  1198 | D:3      | Killed Ijyb
  1199 | D:3      | Gained mutation: You sometimes gain a little power by
                  | taking damage. [demonic ancestry]
  1199 | D:3      | Reached XP level 4. HP: 9/37 MP: 4/4
  1687 | D:4      | Reached skill level 4 in Fighting
  1687 | D:4      | Reached skill level 1 in Polearms
  1687 | D:4      | Reached skill level 1 in Shields
  1700 | D:4      | Noticed a moth of wrath
  1702 | D:4      | Found a bloodstained altar of Trog.
  1702 | D:4      | Found the +5 Force Lance {heavy, knockback}
  1871 | D:4      | Gained mutation: You have hoof-like feet. [demonic
                  | ancestry]
  1871 | D:4      | Reached XP level 5. HP: 32/42 MP: 5/5
  2262 | D:4      | Noticed an ogre
  2267 | D:4      | Killed an ogre
  2268 | D:4      | Reached XP level 6. HP: 40/49 MP: 6/6
  2314 | D:4      | Found a blossoming altar of Fedhas.
  2837 | D:5      | Entered Level 5 of the Dungeon
  2849 | D:5      | Noticed an ice beast
  2853 | D:5      | Killed an ice beast
  2892 | D:5      | Gained mutation: You may rarely emit foul miasma when
                  | damaged in melee. [demonic ancestry]
  2892 | D:5      | Reached XP level 7. HP: 55/55 MP: 7/7
  3042 | D:5      | Identified the +0 leather armour "Zirycim" {Will+ MP+9
                  | Slay+2}
  3111 | D:5      | Reached skill level 5 in Fighting
  3432 | D:5      | Found a basalt altar of Yredelemnul.
  3812 | D:6      | Gained mutation: You have hooves in place of feet. [demonic
                  | ancestry]
  3812 | D:6      | Reached XP level 8. HP: 63/63 MP: 8/8
  3843 | D:6      | Noticed Jeremiah
  3862 | D:6      | Found a broken altar of Ashenzari.
  3882 | D:6      | Reached skill level 6 in Fighting
  3901 | D:6      | Killed Jeremiah
  4084 | D:6      | Reached skill level 5 in Armour
  4231 | D:6      | Found an opulent altar of Gozag.
  4256 | D:6      | Noticed Maggie
  4266 | D:6      | Killed Maggie
  4267 | D:6      | Reached skill level 5 in Polearms
  4267 | D:6      | Reached skill level 5 in Shields
  4267 | D:6      | Reached XP level 9. HP: 36/71 MP: 9/9
  4428 | D:6      | Noticed Prince Ribbit
  4432 | D:6      | Noticed Grinder
  4440 | D:6      | Killed Prince Ribbit
  4441 | D:6      | Reached skill level 7 in Fighting
  4443 | D:6      | Killed Grinder
  4806 | D:7      | Found Abrigyeb's Book Emporium.
  4949 | D:7      | Identified the ring "Lufede" {rC- Str+6 Int+5 Dex+8}
  4964 | D:7      | Found a radiant altar of Vehumet.
  5043 | D:7      | Found a staircase to the Ecumenical Temple.
  5075 | Temple   | Entered the Ecumenical Temple
  5100 | Temple   | Became a worshipper of Qazlal Stormbringer
  5100 | Temple   | Reached * piety under Qazlal
  5100 | Temple   | Reached ** piety under Qazlal
  5253 | D:7      | Noticed Menkaure
  5254 | D:7      | Found a hide-covered altar of Uskayaw.
  5267 | D:7      | Killed Menkaure
  5268 | D:7      | Reached skill level 1 in Invocations
  5437 | D:7      | Reached XP level 10. HP: 78/80 MP: 9/11
  5771 | D:8      | Noticed a red ugly thing
  5771 | D:8      | Noticed a centaur warrior
  5794 | D:8      | Shot with an arrow by a centaur warrior

Illustrated notes

Levels and vault maps discovered:
D:1:      sevenhm_arrival_forest_fort_small_4, layout_loops_ring,
          minmay_box_of_dots
D:2:      layout_basic, serial_shops, shop, nicolae_shop_bloodbath_and_beyond,
          shop, feat_on_display, uniq_robin, uniq_sigmund, uniq_jessica
D:3:      layout_rooms, minivault_25, grunt_decor_mini_mirrors,
          minmay_misc_feat_enclosed, hangedman_abyss_or_decor_lesser_grid,
          kennysheep_generic_room_14, uniq_ijyb
D:4:      layout_loops_corners, tgw_trog, fedhas_ov_isle_minmay,
          minmay_door_square
D:5:      layout_loops_corners, tso_metal_star, nicolae_overflow_crystal_walls
D:6:      layout_basic, lemuel_doored_altar, grunt_gozag_breadcrumbs,
          minmay_misc_feat_rows, hangedman_decor_points, uniq_jeremiah,
          uniq_grinder, uniq_maggie, uniq_prince_ribbit1
D:7:      layout_rooms, mainiacjoe_overflow_alcove_1,
          nicolae_uskayaw_dance_hall, minmay_temple_entry_large_hall,
          serial_shops, shop, uniq_menkaure
D:8:      minmay_the_grid_octo_triangle [minmay_the_grid_octo_chip,
          minmay_the_grid_octo_prize_ultimate_mussel_roller,
          minmay_the_grid_octo_vomiting_pacman], layout_basic,
          mainiacjoe_overflow_alcove_4, gammafunk_ghost_necromancy,
          chequers_serial_rivers_small_a, minmay_misc_feat_plants,
          onia_ninara_dug_in_and_dangerous
Temple:   hellmonk_temple_beads

Skill      XL: |  1  2  3  4  5  6  7  8  9 |
---------------+----------------------------+-----
Axes           | 3 |  3.3
Armour         | 1 2 3 5 6 |  6.3
Fighting       | 4 5 6 7 |  7.9
Polearms       | 1 2 3 5 6 |  6.2
Shields        | 1 2 3 5 6 |  6.2
Invocations    | 1 |  1.8
Dodging        | |  2.9

Action                     |  1- 3 |  4- 6 |  7- 9 | 10-12 || total
---------------------------+-------+-------+-------+-------++-------
  Melee: Hand axe          |   105 |       |       |       ||   105
         Trident           |    18 |       |       |       ||    18
         Kick              |    15 |    28 |    32 |       ||    75
         Dagger            |       |    47 |       |       ||    47
         Lance             |       |    32 |   176 |     7 ||   215
  Evoke: Wand              |       |     2 |       |       ||     2
    Use: Potion            |     3 |       |     3 |     1 ||     7
         Scroll            |     1 |       |     4 |     2 ||     7
 Armour: Robe              |    29 |       |       |       ||    29
         Scale mail        |    56 |    38 |    70 |    10 ||   174
  Dodge: Dodged            |    69 |    25 |    39 |     7 ||   140

Table legend: (Time is in decaauts)
 A = Elapsed time spent in this place.
 B = Non-inter-level travel time spent in this place.
 C = Inter-level travel time spent in this place.
 D = Time resting spent in this place.
 E = Time spent auto-exploring this place.
 F = Levels seen in this place.
 G = Mean time per level.
                   A        B        C        D        E       F      G
               +--------+--------+--------+--------+--------+-----+--------+
         Total |   5875 |   5655 |    220 |    262 |   4242 |   9 |  652.8 |
       Dungeon |   5766 |   5581 |    185 |    262 |   4169 |   8 |  720.8 |
        Temple |    109 |     74 |     35 |      0 |     73 |   1 |  109.0 |
               +--------+--------+--------+--------+--------+-----+--------+

Top non-repeatable levels by time:
     D:4: 1165 daAuts
     D:6: 1029 daAuts
     D:5: 973 daAuts
     D:1: 931 daAuts
     D:7: 727 daAuts
     D:3: 682 daAuts
     D:8: 165 daAuts
  Temple: 109 daAuts
     D:2: 91 daAuts
